 Dungeon Crawl Stone Soup version 0.23.2-40-g277498a (webtiles) character file.

Game seed: 1607068895833708276

320 Aphrodieselac the Charmwright (level 6, 0/44 HPs)
             Began as a Merfolk Skald on Oct 3, 2019.
             Killed from afar by Blork the orc (11 damage)
             ... with a puff of frost
             ... on level 3 of the Dungeon.
             The game lasted 00:10:25 (2775 turns).

Aphrodieselac the Charmwright (Merfolk Skald)       Turns: 2775, Time: 00:10:26

Health: 0/44       AC:  5    Str: 16    XL:     6   Next: 46%
Magic:  7/9        EV: 11    Int: 15    God:
Gold:   181        SH:  0    Dex: 13    Spells: 1/9 levels left

rFire    . . .     SeeInvis .   a - +0 spear
rCold    . . .     Gourm    .   (no shield)
rNeg     + . .     Faith    .   g - +0 ring mail
rPois    .         Spirit   .   (no helmet)
rElec    .         Reflect  .   (no cloak)
rCorr    .         Harm     .   (no gloves)
MR       .....                  (no boots)
Stlth    +.........             (no amulet)
HPRegen  0.14/turn              e - +5 ring of strength
MPRegen  0.11/turn              p - ring of positive energy

@: infused, very slightly contaminated
A: change form in water, swift swim, stealthy swim
a: no special abilities


You were on level 3 of the Dungeon.
You were hungry.

You visited 1 branch of the dungeon, and saw 4 of its levels.

You collected 181 gold pieces.

Inventory:

Hand Weapons
 a - a +0 spear (weapon)
 b - a +0 hunting sling
Missiles
 n - 20 sling bullets
Armour
 g - a +0 ring mail (worn)
 l - a +0 leather armour
Jewellery
 e - a +5 ring of strength (left hand)
 i - an uncursed ring of ice
 p - a ring of positive energy (right hand)
 s - an uncursed ring of flight {unknown}
Scrolls
 f - 3 scrolls of teleportation
 m - a scroll of remove curse
Potions
 c - a potion of heal wounds {unknown}
 h - a potion of curing {unknown}
 j - a potion of invisibility {unknown}
 k - a potion of lignification {unknown}
 q - a potion of flight {unknown}
 r - a potion of might
 u - a potion of agility {unknown}
Comestibles
 d - 10 rations
 t - 2 chunks of flesh


   Skills:
 - Level 2.1 Fighting
 + Level 6.0 Polearms
 - Level 0.6 Armour
 - Level 2.6 Dodging
 - Level 2.0 Spellcasting
 * Level 6.6 Charms


You had one spell level left.
You knew the following spells:

 Your Spells              Type           Power        Failure   Level  Hunger
a - Infusion              Chrm           ###.         2%          1    #......
b - Song of Slaying       Chrm           ###.....     4%          2    ###....
c - Shroud of Golubria    Chrm/Tloc      ##........   17%         2    ###....
d - Spectral Weapon       Hex/Chrm       ##......     32%         3    ###....

Your spell library contained the following spells:

 Spells                   Type           Power        Failure   Level  Hunger
 Regeneration             Chrm/Necr      ##........   32%         3    ###....


Dungeon Overview and Level Annotations

Branches:
Dungeon (4/15)
 Temple: D:4-7

Altars:
Trog
The Shining One

Annotations:
D:3 Blork the orc


Message History

You hit Blork the orc.
Blork the orc is lightly wounded.
Blork the orc hits you with a +0 battleaxe.
You hit Blork the orc.
Blork the orc is lightly wounded.
Blork the orc barely misses you.
There is a stone staircase leading up here.
Blork the orc closely misses you.
Blork the orc screams, "I'll eat your brain!
And then I'll vomit it back up!"
Blork the orc barely misses you.
You climb upwards.
There is a stone staircase leading down here.
Blork the orc points at you and mumbles some strange words.
The puff of flame hits you!
* * * LOW HITPOINT WARNING * * *
Blork the orc misses you. Blork the orc closely misses you.
Blork the orc gestures at you while chanting.
The puff of frost hits you!
You die...

#. #. ##. ####### #..
#####.....###########.
#.......#.##......# ##
#.###o#.#.##.####.# #.#
#.#>......###.### #.#
#@###.##.#......#
####.###.###.####...##.#
##.#..>##.....####...##.##
#.......#.<.....###...#...
##.#...##.......###.####''
#.##.###.......#...##....
#.#### #.........####.#..
#.# #.......#....+..##
#รท# #.......###..+..##


You could see Blork the orc.

Vanquished Creatures
  An ice beast (D:3)
  A bullfrog (D:3)
  A hound (D:2)
  An orc wizard (D:3)
  4 adders
  2 oozes
  3 dart slugs
  2 leopard geckos
  2 orcs (D:3)
  5 bats
  11 goblins
  8 hobgoblins
  3 jackals (D:2)
  7 kobolds
  A quokka (D:1)
  3 ball pythons
  4 frilled lizards
  7 rats
66 creatures vanquished.

Notes
Turn   | Place    | Note
-------+----------+-------------------------------------------
     0 | D:1      | Aphrodieselac the Merfolk Skald began the quest for the
                  | Orb.
     0 | D:1      | Reached XP level 1. HP: 16/16 MP: 3/3
   116 | D:1      | Reached XP level 2. HP: 18/22 MP: 0/5
   540 | D:1      | You fall through a shaft!
   548 | D:2      | Reached XP level 3. HP: 21/27 MP: 1/6
   556 | D:2      | Learned a level 2 spell: Song of Slaying
   836 | D:1      | Reached XP level 4. HP: 28/33 MP: 7/7
   875 | D:1      | Learned a level 2 spell: Shroud of Golubria
  1353 | D:2      | Reached skill level 5 in Charms
  1437 | D:2      | Found a faded altar of an unknown god.
  1488 | D:3      | Found a glowing golden altar of the Shining One.
  1773 | D:2      | Found a bloodstained altar of Trog.
  1917 | D:3      | Reached XP level 5. HP: 35/38 MP: 0/8
  1939 | D:3      | Reached skill level 5 in Polearms
  2053 | D:3      | Noticed an ice beast
  2135 | D:3      | Killed an ice beast
  2135 | D:3      | Reached XP level 6. HP: 29/44 MP: 0/9
  2660 | D:3      | Learned a level 3 spell: Spectral Weapon
  2746 | D:4      | Noticed Blork the orc
  2775 | D:3      | Killed from afar by Blork the orc

Skill      XL: |  1  2  3  4  5  6 |
---------------+-------------------+-----
Charms         | 4 5 6 |  6.6
Polearms       | 4 5 6 |  6.0
Fighting       | |  2.1
Armour         | |  0.6
Dodging        | |  2.6
Spellcasting   | |  2.0

Action                   |  1- 3 |  4- 6 || total
-------------------------+-------+-------++-------
Melee: Spear             |    89 |   164 ||   253
Throw: Javelin           |       |     7 ||     7
 Cast: Infusion          |     4 |     6 ||    10
       Song of Slaying   |       |     3 ||     3
  Use: Potion            |     1 |       ||     1
       Scroll            |       |     2 ||     2
  Eat: Chunk             |       |     6 ||     6
Armor: Ring mail         |    28 |    46 ||    74
Dodge: Dodged            |    43 |    75 ||   118
